 Dungeon Crawl Stone Soup version 0.28.0-53-g5a82cb258f (webtiles) character file.

Game seed: 10368272191646983673

8376 infcreate the Covert (level 11, 54/54 HPs)
             Began as a Vampire Enchanter on Aug 4, 2022.
             Was a High Priest of Dithmenos.
             Quit the game on level 10 of the Dungeon.
             The game lasted 00:30:10 (12800 turns).

infcreate the Covert (Vampire Enchanter)           Turns: 12800, Time: 00:30:11

Health: 54/54      AC: 10    Str: 10    XL:     11   Next: 9%
Magic:  22/22      EV: 17    Int: 19    God:    Dithmenos [*****.]
Gold:   479        SH:  0    Dex: 18    Spells: 13/24 levels left

rFire   . . .      SeeInvis +   s - +6 dagger of Ujir {flame, *Noise Str+3 Stlth+}
rCold   + + .      Faith    .   (no shield)
rNeg    + + +      Spirit   .   b - +0 robe
rPois   ∞          Reflect  .   y - +1 helmet
rElec   .          Harm     .   (no cloak)
rCorr   +          Rampage  .   l - +2 pair of gloves
Will    +....                   E - +2 pair of boots {Fly} Stlth ***+++++++
                                v - amulet of regeneration
HPRegen 0.98/turn               R - ring of resist corrosion
MPRegen 0.18/turn               (no ring)

@: flying, bloodless, wreathed by umbra
A: bloodless, fangs 3, see invisible, vampiric 2
a: Bat Form, Revivify, Renounce Religion, Shadow Step, Shadow Form


You were on level 10 of the Dungeon.
You worshipped Dithmenos.
Dithmenos was extremely pleased with you.
You visited 2 branches of the dungeon, and saw 11 of its levels.
You also visited: Ossuary.

You collected 704 gold pieces.
You spent 225 gold pieces at shops.


Innate Abilities, Weirdness & Mutations

You do not regenerate when monsters are visible.
You are frail without blood (-20% HP).
You can heal yourself when you bite living creatures.
You are immune to poison.
You have razor-sharp teeth.
You have supernaturally acute eyesight. (SInv)
You are afflicted with vampirism and can become a bat while bloodless.


   Skills:
 + Level 8.5 Short Blades
 + Level 8.8 Dodging
 + Level 12.6 Stealth
 + Level 7.3 Spellcasting
 + Level 11.8 Hexes


You had 13 spell levels left.
You knew the following spells:

 Your Spells              Type           Power      Damage    Failure   Level
c - Confusing Touch       Hex            51%        N/A       1%          3
d - Tukima's Dance        Hex            51%        N/A       1%          3
e - Ensorcelled Hibernat  Hex/Ice        58%        N/A       1%          2
f - Dazzling Flash        Conj/Hex       58%        N/A       2%          3

Your spell library contained the following spells:

 Spells                   Type           Power      Damage    Failure   Level
 Animate Skeleton         Necr           14%        N/A       10%         1
 Pain                     Necr           28%        1d5       10%         1
 Sting                    Tmut/Pois      28%        1d4       10%         1
 Corpse Rot               Necr/Air       14%        N/A       14%         2
 Poisonous Vapours        Pois/Air       14%        N/A       14%         2
 Vampiric Draining        Necr           7%         2d6       28%         3
 Animate Armour           Summ/Erth      14%        N/A       67%         4
 Dispel Undead            Necr           7%         3d8       67%         4
 Olgreb's Toxic Radiance  Pois           7%         N/A       67%         4
 Summon Lightning Spire   Summ/Air       7%         N/A       67%         4
 Blade Hands              Tmut           3%         N/A       95%         5
 Death Channel            Necr           3%         N/A       100%        6
 Iron Shot                Conj/Erth      3%         9d2       100%        6
 Malign Gateway           Summ/Tloc      3%         N/A       100%        7
 Storm Form               Tmut/Air       3%         N/A       100%        7
 Maxwell's Capacitive Co  Air            3%         ∞         100%        8
 Summon Horrible Things   Summ           3%         N/A       100%        8

Inventory:

Hand Weapons
 s - the +6 dagger of Ujir (weapon) {flame, *Noise Str+3 Stlth+}
   (You took it off an orc on level 5 of the Dungeon)

   It burns those it strikes, dealing additional fire damage.
   Str:       It affects your strength (+3).
   *Noise:    It may make noises in combat.
   Stlth:     It makes you more stealthy.
 G - a +1 vampiric dagger
Missiles
 f - 301 stones (quivered)
Armour
 b - a +0 robe (worn)
 l - a +2 pair of gloves (worn)
 y - a +1 helmet (worn)
 E - a +2 pair of boots of flying (worn)
Jewellery
 v - an amulet of regeneration (around neck)
 R - a ring of resist corrosion (left hand)
Wands
 a - a wand of acid (8)
 h - a wand of digging (15)
 w - a wand of paralysis (5)
 z - a wand of polymorph (8)
 H - a wand of flame (3)
 I - a wand of iceblast (2)
Scrolls
 i - 2 scrolls of torment
 k - 4 scrolls of silence {!r}
 m - a scroll of enchant weapon {unknown}
 n - 2 scrolls of vulnerability
 o - a scroll of acquirement {unknown}
 q - a scroll of magic mapping {unknown}
 t - 4 scrolls of teleportation {@r2}
 u - a scroll of fear {unknown}
 x - a scroll of immolation {unknown}
 F - a scroll of noise {unknown}
Potions
 c - a potion of invisibility
 d - 3 potions of mutation
 e - 2 potions of curing {@q1}
 g - 2 potions of cancellation
 j - 2 potions of haste {@q3}
 p - a potion of berserk rage {unknown}
 r - 2 potions of ambrosia
 A - 2 potions of heal wounds {unknown}
 B - 2 potions of might
 C - 2 potions of magic
 D - a potion of lignification {unknown}

Dungeon Overview and Level Annotations

Branches:
Dungeon (10/15)            Temple (1/1) D:4            Lair (0/6) D:8
    Orc (0/2) D:9         Ossuary (visited)

Altars:
Ashenzari
Cheibriados
Dithmenos
Elyvilon
Fedhas
Gozag
Hepliaklqana
Kikubaaqudgha
Makhleb
Nemelex Xobeh
Okawaru
Qazlal
Ru
Sif Muna
Trog
Uskayaw
Vehumet
Wu Jian
Xom
Zin
The Shining One

Shops:
D:7 [[

Annotations:
D:7 2 transporters, AbrileMaio's ghost, novice MiFi

#....#....##.....[....
#......................
##............##.......#
..............#.......##
..##....................
........................
..........##............
.........####...†.......
.......... #...@.......
.......... #...†.......
........ ..............#
.......# ##..##.#.......
........ #... #.........
.....### ###. ...####.##
.....# ..# ..# ###.##
... .. .#


There were no monsters in sight!


Message History

There is a stone staircase leading up here.
Magic restored.
Found a scroll of identify.
J - a scroll of identify {@r1}
As you read the scroll of identify {@r1}, it crumbles to dust.
B - 2 potions of might 2 howler monkeys come into view.
There are monsters nearby!
A howler monkey comes into view.
A green ugly thing comes into view.
Found a ring mail.
The helpless howler monkey fails to defend itself.
You bite the howler monkey, and draw its blood!
You skewer the howler monkey like a kebab!!!!
You burn the howler monkey.
You kill the howler monkey!
Dithmenos accepts your kill.
The helpless howler monkey fails to defend itself.
You bite the howler monkey, and draw its blood!
You skewer the howler monkey like a kebab!!!!
You burn the howler monkey.
You kill the howler monkey!
Dithmenos accepts your kill.
The helpless howler monkey fails to defend itself.
You bite the howler monkey, and draw its blood!
You skewer the howler monkey like a kebab!!!!
You burn the howler monkey.
You kill the howler monkey!
Dithmenos accepts your kill.
Are you sure you want to abandon this character and quit the game? (Confirm with "yes".)

Skill      XL: |  1  2  3  4  5  6  7  8  9 10 |
---------------+-------------------------------+-----
Stealth        | 5 6 8 9 11 12 | 12.6
Short Blades   | 2 3 4 5 7 8 |  8.5
Hexes          | 5 6 7 8 10 11 | 11.8
Dodging        | 3 4 5 6 7 8 |  8.8
Spellcasting   | 3 4 5 6 7 |  7.3

Action                   |  1- 3 |  4- 6 |  7- 9 | 10-12 || total
-------------------------+-------+-------+-------+-------++-------
Melee: Dagger            |    80 |   145 |   315 |   291 ||   831
       Bite              |     8 |    17 |    38 |    54 ||   117
       Punch             |       |     2 |     3 |     6 ||    11
Throw: Stone             |     1 |     2 |     2 |     6 ||    11
 Cast: Ensorcelled Hiber |    13 |    21 |     8 |    26 ||    68
       Confusing Touch   |     3 |    16 |    58 |    68 ||   145
       Tukima's Dance    |       |       |     8 |     8 ||    16
 Abil: Exsanguinate      |     1 |       |       |       ||     1
  Use: Scroll            |     4 |     3 |     4 |     4 ||    15
 Stab: Sleeping          |    20 |    26 |    21 |    23 ||    90
       Confused          |     2 |    10 |    38 |    41 ||    91
Armor: Robe              |     8 |    18 |    42 |    39 ||   107
Dodge: Dodged            |    38 |    82 |   182 |   143 ||   445

Levels and vault maps discovered:
D:1:      dpeg_arrival_rhombus, layout_loops_ring
D:2:      layout_loops_ring, hellmonk_ecumenical_altar_leap_of_faith
D:3:      layout_loops_ring, minmay_misc_feat_encased, saegor_snake_ambush
D:4:      layout_gridville, nicolae_tso_swordbearing_angel,
          minmay_temple_entry_wispy, uniq_natasha
D:5:      layout_cave_pods, eat_drink_and_be_merry_uskayaw,
          nrook_mini_backslash, uniq_menkaure, uniq_eustachio
D:6:      layout_basic, fedhas_altar_decomposition
D:7:      layout_gridville, mainiacjoe_overflow_boulevard,
          nicolae_ossuary_entry_plus, gammafunk_ghost_hive, serial_shops, shop,
          nicolae_stop_n_shop_2, minmay_fractal_squares_diagonal_5, uniq_pikel
D:8:      minmay_the_grid_octo_tiled_squarecenter
          [minmay_the_grid_octo_thin_diamonds, minmay_the_grid_octo_horde,
          minmay_the_grid_octo_chip, minmay_the_grid_octo_shrine,
          minmay_the_grid_square_5x5_megaprize_hollow,
          minmay_the_grid_square_5x5_almost_minimal,
          minmay_the_grid_square_5x5_six, minmay_the_grid_square_5x5_minimal,
          minmay_the_grid_square_5x5_spiral_small], layout_gridville,
          lemuel_coloured_pillars_altar
D:9:      layout_loops_cross, zombieorc2_lemuel, minmay_misc_feat_square,
          minmay_variable_closet, kennysheep_donut, chequers_mini_garden
D:10:     layout_cave_pools, nicolae_yredelemnul_corpse_copse,
          minmay_fractal_squares_5
Temple:   kb_temple_of_zot

Notes
Turn   | Place    | Note
-------+----------+-------------------------------------------
     0 | D:1      | infcreate the Vampire Enchanter began the quest for the
                  | Orb.
     0 | D:1      | Reached XP level 1. HP: 13/13 MP: 3/3
   388 | D:1      | Reached XP level 2. HP: 15/15 MP: 5/5
   395 | D:1      | Learned a level 2 spell: Ensorcelled Hibernation
  1176 | D:1      | Gained mutation: You are afflicted with vampirism and can
                  | become a bat while bloodless. [Vampire growth]
  1176 | D:1      | Reached XP level 3. HP: 19/19 MP: 3/6
  1579 | D:2      | Learned a level 3 spell: Confusing Touch
  1586 | D:2      | Reached skill level 5 in Stealth
  1991 | D:2      | Reached skill level 2 in Short Blades
  1991 | D:2      | Reached skill level 5 in Hexes
  2030 | D:2      | Reached XP level 4. HP: 24/24 MP: 1/7
  2134 | D:2      | Reached skill level 3 in Dodging
  2614 | D:2      | Found a faded altar of an unknown god.
  2801 | D:3      | Learned a level 3 spell: Tukima's Dance
  2812 | D:3      | You fall into a shaft and drop 2 floors!
  2812 | D:5      | Entered Level 5 of the Dungeon
  2839 | D:5      | Noticed a scorpion
  2863 | D:5      | Killed a scorpion
  2864 | D:5      | Reached XP level 5. HP: 24/28 MP: 1/9
  2950 | D:4      | Noticed a necrophage
  2952 | D:4      | Killed a necrophage
  2953 | D:4      | Reached skill level 6 in Stealth
  2953 | D:4      | Reached skill level 3 in Spellcasting
  3051 | D:4      | Found a staircase to the Ecumenical Temple.
  3081 | D:3      | Reached XP level 6. HP: 27/32 MP: 4/10
  3152 | D:4      | Reached skill level 3 in Short Blades
  3152 | D:4      | Reached skill level 6 in Hexes
  3176 | Temple   | Entered the Ecumenical Temple
  3288 | Temple   | Became a worshipper of Dithmenos the Shadowed
  4630 | D:4      | Noticed Natasha
  4637 | D:4      | Killed Natasha
  4638 | D:4      | Reached skill level 4 in Dodging
  4779 | D:4      | Noticed Natasha
  4810 | D:4      | Killed Natasha
  4842 | D:4      | Noticed Natasha
  4855 | D:4      | Killed Natasha
  4985 | D:5      | Reached XP level 7. HP: 29/36 MP: 8/12
  4989 | D:5      | Learned a level 3 spell: Dazzling Flash
  5071 | D:5      | Noticed Menkaure
  5202 | D:4      | Reached * piety under Dithmenos
  5518 | D:5      | Found a hide-covered altar of Uskayaw.
  5536 | D:5      | Identified the +6 dagger of Ujir {flame, *Noise Str+3
                  | Stlth+}
  5691 | D:5      | Reached skill level 7 in Stealth
  5694 | D:5      | Reached skill level 4 in Short Blades
  5757 | D:5      | Reached skill level 7 in Hexes
  5775 | D:5      | Reached skill level 4 in Spellcasting
  6002 | D:5      | Noticed Eustachio
  6009 | D:5      | Killed Eustachio
  6282 | D:5      | Killed Menkaure
  6283 | D:5      | Reached skill level 5 in Dodging
  6283 | D:5      | Reached skill level 8 in Stealth
  6283 | D:5      | Reached XP level 8. HP: 26/41 MP: 12/14
  6778 | D:6      | Found a blossoming altar of Fedhas.
  6902 | D:6      | Reached skill level 5 in Short Blades
  7006 | D:6      | Reached skill level 8 in Hexes
  7160 | D:6      | Reached skill level 9 in Stealth
  7160 | D:6      | Reached skill level 5 in Spellcasting
  7508 | D:6      | Reached skill level 6 in Dodging
  7662 | D:6      | Reached XP level 9. HP: 40/45 MP: 12/16
  7866 | D:7      | Reached skill level 6 in Short Blades
  7866 | D:7      | Reached skill level 9 in Hexes
  7964 | D:7      | Reached ** piety under Dithmenos
  7965 | D:7      | Noticed Pikel
  8083 | D:7      | Killed Pikel
  8084 | D:7      | Reached skill level 10 in Stealth
  8138 | D:7      | Found a sand-covered staircase.
  8144 | Ossuary  | Entered an ossuary
  8319 | Ossuary  | Reached *** piety under Dithmenos
  8689 | D:7      | Found Uproj's Antique Armour Shoppe.
  8696 | D:7      | Bought a pair of glowing boots for 225 gold pieces
  8764 | D:7      | Reached skill level 7 in Dodging
  8826 | D:7      | Reached skill level 6 in Spellcasting
  8926 | D:7      | Noticed AbrileMaio's ghost (novice MiFi)
  8931 | D:7      | Reached skill level 10 in Hexes
  8955 | D:7      | Found a transporter.
  8959 | D:7      | Found a transporter.
  9030 | D:7      | Reached skill level 7 in Short Blades
  9223 | D:7      | Noticed a manticore
  9340 | D:7      | Killed a manticore
  9341 | D:7      | Reached skill level 11 in Stealth
  9341 | D:7      | Reached XP level 10. HP: 28/50 MP: 15/19
  9589 | D:7      | Found Papsod's Antique Armour Boutique.
  9784 | D:7      | Reached **** piety under Dithmenos
  9792 | D:8      | Found a staircase to the Lair.
 10035 | D:8      | Identified the +1 short sword "Etekkes" {chaos, rN+}
 10165 | D:8      | Identified the +4 long sword of Qazlal's Castigation {vamp,
                  | Fragile Str+4 Stlth+}
 10176 | D:8      | Found a sparkling altar of Nemelex Xobeh.
 10177 | D:8      | Found an ornate altar of the Wu Jian Council.
 10177 | D:8      | Found a sparkling altar of Nemelex Xobeh.
 10177 | D:8      | Found a snail-covered altar of Cheibriados.
 10238 | D:8      | Reached skill level 8 in Dodging
 10322 | D:8      | Reached skill level 11 in Hexes
 10651 | D:8      | Reached skill level 8 in Short Blades
 10720 | D:8      | Reached skill level 12 in Stealth
 10729 | D:8      | Reached skill level 7 in Spellcasting
 11225 | D:8      | Found a bloodstained altar of Trog.
 11968 | D:9      | Found a staircase to the Orcish Mines.
 12223 | D:9      | Reached XP level 11. HP: 34/54 MP: 12/21
 12560 | D:9      | Reached ***** piety under Dithmenos
 12716 | D:10     | Entered Level 10 of the Dungeon
 12791 | D:10     | Noticed a green ugly thing
 12800 | D:10     | Quit the game

Vanquished Creatures
  Pikel (D:7)
  A manticore (D:7)
  A hornet (D:8)
  2 yaks (D:9)
  A vampire (D:6)
  A wraith (D:9)
  A shadow (D:9)
  3 wyverns
  Eustachio (D:5)
  Menkaure (D:5)
  4 steam dragons
  A two-headed ogre zombie (D:9)
  An acid dragon (D:8)
  3 water moccasins
  2 hornet zombies
  2 sky beasts (D:8)
  3 black bears
  4 necrophages
  5 centaurs
  A lemure (D:6)
  4 phantoms
  3 kobold brigands
  2 elf zombies (Ossuary)
  A gnoll sergeant (D:8)
  7 bullfrogs
  4 scorpions
  A wyvern zombie (D:7)
  2 troll zombies (D:9)
  8 killer bees (D:8)
  3 wights (D:7)
  5 howler monkeys
  A bullfrog zombie (D:6)
  6 hounds
  4 centaur zombies
  A human zombie (Ossuary)
  4 orc priests
  2 jellies
  A centaur skeleton (D:5)
  An iguana (D:5)
  Natasha (thrice) (D:4)
  7 orc wizards
  2 killer bee zombies
  5 ogre zombies (D:9)
  2 mummies (Ossuary)
  2 howler monkey zombies (D:8)
  2 gnolls
  9 adders
  An ufetubus (D:4)
  An adder zombie (Ossuary)
  3 worms
  5 dart slugs
  29 orcs
  3 endoplasms
  3 giant cockroaches
  6 goblins
  7 hobgoblins
  2 jackals (D:1)
  5 quokkas
  9 ball pythons
  2 bats (D:1)
  3 frilled lizards
  A goblin skeleton (D:9)
  5 goblin zombies
  17 hobgoblin zombies
  2 jackal zombies (Ossuary)
  9 kobolds
  6 kobold zombies (Ossuary)
  2 orc skeletons (D:9)
  19 orc zombies
  3 rats
  3 rat zombies (Ossuary)
277 creatures vanquished.

Vanquished Creatures (collateral kills)
  A wight (D:7)
  2 gnolls (D:8)
  3 orcs
6 creatures vanquished.

Vanquished Creatures (others)
  4 dancing weapons
  2 orcs (D:8)
  5 bushes (D:6)
  13 plants (D:6)
24 creatures vanquished.

Grand Total: 307 creatures vanquished

Table legend: (Time is in decaauts)
 A = Elapsed time spent in this place.
 B = Non-inter-level travel time spent in this place.
 C = Inter-level travel time spent in this place.
 D = Time resting spent in this place.
 E = Time spent auto-exploring this place.
 F = Levels seen in this place.
 G = Mean time per level.
                   A        B        C        D        E       F      G
               +--------+--------+--------+--------+--------+-----+--------+
         Total |  12596 |  11972 |    624 |   1502 |   7563 |  12 | 1049.7 |
       Dungeon |  12056 |  11450 |    606 |   1500 |   7248 |  10 | 1205.6 |
        Temple |    132 |    114 |     18 |      0 |     97 |   1 |  132.0 |
       Ossuary |    407 |    407 |      0 |      2 |    218 |   1 |  407.0 |
               +--------+--------+--------+--------+--------+-----+--------+

Top non-repeatable levels by time:
     D:7: 1548 daAuts
     D:1: 1533 daAuts
     D:6: 1525 daAuts
     D:9: 1424 daAuts
     D:4: 1396 daAuts
     D:5: 1290 daAuts
     D:8: 1253 daAuts
     D:2: 1111 daAuts
     D:3: 926 daAuts
 Ossuary: 407 daAuts
  Temple: 132 daAuts
    D:10: 47 daAuts

Table legend:
 A = Non-vault XP
 B = Vault XP
 C = Vault XP percentage of total XP
 D = Non-vault monster count
 E = Vault monster count
 F = Vault count percentage of total count
                 A         B        C        D         E       F
            +---------+---------+-------+---------+---------+-------
      Total |    6452 |    5514 |  46.1 |     173 |     109 |  38.7
            +---------+---------+-------+---------+---------+-------
        D:1 |      45 |       0 |   0.0 |      26 |       0 |   0.0
        D:2 |     113 |       0 |   0.0 |      15 |       0 |   0.0
        D:3 |      45 |       0 |   0.0 |      15 |       0 |   0.0
        D:4 |     413 |      35 |   7.8 |      22 |       1 |   4.3
        D:5 |     586 |     360 |  38.1 |      15 |       2 |  11.8
        D:6 |    1004 |     706 |  41.3 |      11 |       8 |  42.1
        D:7 |    1297 |    1776 |  57.8 |      28 |       9 |  24.3
        D:8 |    1972 |    1262 |  39.0 |      24 |      15 |  38.5
        D:9 |     814 |     974 |  54.5 |      14 |      35 |  71.4
       D:10 |     163 |       0 |   0.0 |       3 |       0 |   0.0
    Ossuary |       0 |     401 | 100.0 |       0 |      39 | 100.0
            +---------+---------+-------+---------+---------+-------
